 Dungeon Crawl Stone Soup version 0.15-b1-63-g828a17f (webtiles) character file.

8798 Kae the Bludgeoner (level 11, -6/99 HPs)
             Began as a Minotaur Fighter on Aug 13, 2014.
             Was an Elder of Qazlal.
             Succumbed to a manticore's barbed spikes
             ... on Level 11 of the Dungeon.
             The game lasted 00:23:49 (12647 turns).

Kae the Bludgeoner (Minotaur Fighter)              Turns: 12647, Time: 00:23:49

HP  -6/99        AC  9     Str 27      XL: 11   Next: 14%
MP   4/11        EV  7     Int  5 (7)  God: Qazlal [****..]
Gold 620         SH 15     Dex 10      Spells:  0 memorised, 10 levels left

rFire  . . .     SeeInvis .     L - +1 whip (venom)
rCold  . . .     Clarity  .     x - +0 scale mail
rNeg   + . .     rCorr    .     c - +0 shield
rPois  .         rRot     .     (helmet restricted)
rElec  .         Spirit   .     e - +0 cloak
SustAb .         Warding  +     (no gloves)
rMut   .         Stasis   .     (no boots)
Gourm  .                        i - amulet of warding
MR     .....                    (no ring)
                                (no ring)

@: mighty, manticore barbs, repel missiles, not resistant to hostile
enchantments, extremely unstealthy
A: retaliatory headbutt, horns 2
a: Upheaval, Elemental Force, Renounce Religion


You were on level 11 of the Dungeon.
You worshipped Qazlal.
Qazlal was greatly pleased with you.
You were not hungry.

You visited 2 branches of the dungeon, and saw 12 of its levels.

You collected 724 gold pieces.
You spent 104 gold pieces at shops.

Inventory:

Hand weapons
 a - a +3 hammer of holy wrath
 b - a +1 hammer of draining
 A - a +0 hammer
 L - a +1 whip of venom (weapon)
Armour
 c - a +0 shield (worn)
 e - a +0 cloak (worn)
 m - a +2 pair of boots
 x - a +0 scale mail (worn)
Magical devices
 F - a wand of disintegration (6)
 G - a wand of slowing (6)
 H - a wand of draining (3)
Comestibles
 d - 3 bread rations
 l - 19 fruits
 s - 11 royal jellies
 t - a beef jerky
 v - 2 chunks of steam dragon flesh
 w - 4 meat rations
Scrolls
 g - 2 scrolls of fog
 j - a scroll of remove curse
 p - a scroll of summoning
 q - a scroll of teleportation
 y - 5 scrolls of identify
 B - a scroll of amnesia
 D - a scroll of enchant weapon
Jewellery
 i - an amulet of warding (around neck)
 E - an uncursed ring of wizardry {unknown}
Potions
 f - a potion of mutation {unknown}
 h - a potion of restore abilities {unknown}
 k - a potion of poison
 n - a potion of degeneration
 o - 2 potions of curing
 r - 2 potions of haste
 u - a potion of cure mutation {unknown}
 z - a potion of berserk rage {unknown}
 C - 2 potions of might
Miscellaneous
 J - a stone of tremors


   Skills:
 * Level 9.7 Fighting
 + Level 15.2 Maces & Flails
 * Level 9.4 Armour
 - Level 3.6 Shields
 + Level 3.6 Invocations


You had 10 spell levels left.
You didn't know any spells.

Dungeon Overview and Level Annotations

Branches:
Dungeon (11/15)            Temple (1/1) D:4            Lair (0/8) D:11
    Orc: D:9-12

Altars:
Ashenzari
Cheibriados
Dithmenos
Elyvilon
Fedhas
Kikubaaqudgha
Makhleb
Nemelex Xobeh
Okawaru
Qazlal
Sif Muna
Trog
Vehumet
Xom
Yredelemnul
Zin
The Shining One

Shops:
D:4 !=}(*   D:11 !

Annotations:
D:10 exclusion: ice statue


Innate Abilities, Weirdness & Mutations

You reflexively headbutt those who attack you in melee.
You have a pair of horns on your head.


Message History

* * * LOW HITPOINT WARNING * * *
The manticore claws you but does no damage.
The manticore barely misses you.
You hit timbw's ghost. You headbutt timbw's ghost!
You destroy timbw's ghost!
Qazlal accepts your kill.
You adapt resistances upon receiving elemental damage.
The storm surrounding you grows powerful enough to repel missiles.
Unknown command.
You hit the manticore.
The manticore is poisoned.
The manticore is lightly wounded.
Your surroundings suddenly seem different.
The barbed spikes dig painfully into your body as you move.
* * * LOW HITPOINT WARNING * * *
You see here a pair of embroidered boots.
m - a pair of embroidered boots The barbed spikes dig painfully into your body as you move.
* * * LOW HITPOINT WARNING * * *
The barbed spikes dig painfully into your body as you move.
You die...

,∩,**#......P..###+#+#....,,,,**≈
,,,,,,#.....P.#......#...,,,,,+*≈
,,,,,,#..P.K§)#......#,.*****,**≈
****,,##...%(##......#,,* *,***
*,,****##.KH###......#,,* *,***
*,,,,.......,,#§...§.#,,* *,,,,
*,,,,.....#.,,#...§..#,,* *,,,,
*,,,,.....#.,,#....§.#,,* *,,,,
,,,,,,...,#.,,#.@§...#,,*****,,,,
,,,*+**##,'.,,#......#,,,,,,,,,**
,,,*,,,,*,#.,,########,,,,,,,,,+,
,,,*,,,,*,*.,,,,,,,,,,,,,,,,,,,*,
,,,*,,,,*,*,,,,,,,,,,,,,,,,,,,,*,
,,,*,,,,*,*,,,,,,,*********,,,,*,
,,,******,*,,,,,,,*,,,,,,,*,,,,*,
,,,,,,,,,,*,,,,,,,*,,,,,,,*,,,,*,
***********,,,,,,,*,,,,,,,*,,,,+,


There were no monsters in sight!

Vanquished Creatures
  The ghost of timbw the Grappler, an experienced TrAs of Qazlal (D:11)
  A hill giant (D:10)
  An elephant (D:11)
  A gargoyle (D:10)
  An orange crystal statue (D:10)
  A two-headed ogre (D:10)
  A troll (D:11)
  The ghost of aredel the Covered, an average GrFi (D:3)
  Eustachio (D:5)
  A steam dragon (D:11)
  A yak (D:11)
  A hill giant skeleton (D:8)
  A hungry ghost (D:9)
  Edmund (D:8)
  2 black bears
  A necrophage (D:8)
  2 orc warriors
  A water moccasin (D:7)
  6 ogres
  A phantom (D:9)
  3 ice beasts
  4 sky beasts
  Sigmund (D:3)
  3 centaurs
  A crocodile (D:11)
  2 giant frogs
  4 scorpions
  19 killer bees
  8 jellies
  4 goliath beetles
  4 crimson imps
  Crazy Yiuf (D:3)
  5 hounds
  A giant frog skeleton (D:6)
  8 orc priests
  A quasit (D:9)
  13 worker ants
  6 iguanas
  8 orc wizards
  An ogre skeleton (D:7)
  8 gnolls
  4 green rats (D:4)
  4 giant mites
  20 adders
  4 worms
  A shadow imp (D:6)
  A white imp (D:7)
  2 ufetubi (D:5)
  4 giant geckos
  7 oozes
  39 orcs
  4 ball pythons
  15 bats
  A bat skeleton (D:8)
  5 giant cockroaches
  16 hobgoblins
  11 jackals
  4 quokkas
  A giant newt (D:4)
  A giant spore (D:9)
  10 goblins
  A hobgoblin zombie (D:5)
  16 kobolds
  13 rats
  5 ballistomycetes (D:9)
  A fungus (D:3)
  3 plants (D:4)
325 creatures vanquished.

Vanquished Creatures (collateral kills)
  A crocodile (D:11)
1 creature vanquished.

Vanquished Creatures (others)
  2 plants (D:4)
2 creatures vanquished.

Grand Total: 328 creatures vanquished

Notes
Turn   | Place    | Note
--------------------------------------------------------------
     0 | D:1      | Kae, the Minotaur Fighter, began the quest for the Orb.
     0 | D:1      | Reached XP level 1. HP: 19/19 MP: 1/1
   369 | D:1      | Reached XP level 2. HP: 23/26 MP: 1/1
   489 | D:2      | Reached skill level 4 in Maces & Flails
   603 | D:2      | Reached XP level 3. HP: 19/31 MP: 2/2
   799 | D:2      | Found a snail-covered altar of Cheibriados.
   821 | D:2      | Found a basalt altar of Yredelemnul.
   863 | D:2      | Reached skill level 5 in Maces & Flails
  1032 | D:2      | Reached XP level 4. HP: 27/39 MP: 2/2
  1589 | D:2      | Reached skill level 6 in Maces & Flails
  1650 | D:2      | Reached XP level 5. HP: 30/45 MP: 2/2
  1957 | D:3      | Reached skill level 7 in Maces & Flails
  2269 | D:3      | Noticed aredel's ghost (average GrFi)
  2289 | D:3      | Killed aredel's ghost
  2289 | D:3      | Reached skill level 8 in Maces & Flails
  2289 | D:3      | Reached XP level 6. HP: 27/51 MP: 3/3
  2394 | D:3      | Noticed Sigmund
  2413 | D:3      | Killed Sigmund
  2413 | D:3      | Reached skill level 9 in Maces & Flails
  2638 | D:3      | Noticed Crazy Yiuf
  2649 | D:3      | Killed Crazy Yiuf
  2871 | D:3      | Found a shattered altar of Ashenzari.
  2882 | D:3      | Reached XP level 7. HP: 52/57 MP: 3/3
  3057 | D:4      | Found Cruosm's Weapon Shoppe.
  3075 | D:4      | Found Buonoan's Gadget Shop.
  3239 | D:4      | Found Osocesir's Jewellery Boutique.
  3262 | D:4      | Found Jeexonn's Distillery.
  3270 | D:4      | Bought a potion of poison for 11 gold pieces
  3270 | D:4      | Bought a potion of degeneration for 22 gold pieces
  3270 | D:4      | Bought a potion of curing for 22 gold pieces
  3270 | D:4      | Bought a potion of lignification for 22 gold pieces
  3270 | D:4      | Bought a potion of agility for 27 gold pieces
  3298 | D:4      | Found a staircase to the Ecumenical Temple.
  3319 | Temple   | Entered the Ecumenical Temple
  3351 | Temple   | Became a worshipper of Qazlal Stormbringer
  3414 | D:4      | Reached skill level 10 in Maces & Flails
  3646 | D:4      | Found a glowing silver altar of Zin.
  3663 | D:4      | Reached skill level 11 in Maces & Flails
  3778 | D:4      | Found Liebloga's General Store.
  3847 | D:4      | Reached XP level 8. HP: 62/64 MP: 3/3
  4689 | D:5      | Entered Level 5 of the Dungeon
  4870 | D:5      | Acquired Qazlal's first power
  5048 | D:5      | Reached skill level 12 in Maces & Flails
  5437 | D:5      | Noticed Eustachio
  5459 | D:5      | Killed Eustachio
  5583 | D:5      | Found a shimmering altar of Xom.
  5629 | D:5      | Found a glowing silver altar of Zin.
  6085 | D:6      | Reached skill level 13 in Maces & Flails
  6263 | D:6      | Acquired Qazlal's second power
  6312 | D:6      | Reached XP level 9. HP: 67/70 MP: 4/4
  6433 | D:6      | Found a burning altar of Makhleb.
  6872 | D:6      | Reached skill level 14 in Maces & Flails
  7298 | D:7      | Found a deep blue altar of Sif Muna.
  7857 | D:8      | Noticed Edmund
  7871 | D:8      | Killed Edmund
  7878 | D:8      | Reached skill level 5 in Fighting
  7878 | D:8      | Reached skill level 5 in Armour
  8229 | D:8      | Acquired Qazlal's third power
  8816 | D:8      | Reached XP level 10. HP: 66/84 MP: 4/4
  9500 | D:9      | Found a shimmering altar of Xom.
  9630 | D:9      | Reached skill level 1 in Invocations
 10847 | D:10     | Entered Level 10 of the Dungeon
 10941 | D:10     | Acquired Qazlal's fourth power
 10987 | D:10     | Reached skill level 15 in Maces & Flails
 11158 | D:10     | Found a shattered altar of Ashenzari.
 11500 | D:10     | Noticed a hill giant
 11509 | D:10     | Killed a hill giant
 11831 | D:10     | Noticed an ice statue
 12535 | D:11     | Found Ximifeko's Distillery.
 12584 | D:11     | Found a staircase to the Lair.
 12584 | D:11     | Noticed an elephant
 12603 | D:11     | Reached XP level 11. HP: 38/97 MP: 0/10
 12606 | D:11     | Killed an elephant
 12623 | D:11     | Noticed timbw's ghost (experienced TrAs)
 12636 | D:11     | Noticed a manticore
 12636 | D:11     | HP: 2/97 [manticore/volley of spikes (9)]
 12642 | D:11     | Killed timbw's ghost
 12646 | D:11     | HP: 1/99 [barbs]
 12647 | D:11     | Succumbed to a manticore's barbed spikes

Action                   |  1- 3 |  4- 6 |  7- 9 | 10-12 || total
-------------------------+-------+-------+-------+-------++-------
Melee: Flail             |   100 |   154 |       |       ||   254
       Hammer            |       |    12 |   708 |   247 ||   967
       Whip              |       |       |       |   133 ||   133
Invok: Upheaval          |       |       |       |     3 ||     3
       Elemental Force   |       |       |       |     1 ||     1
Evoke: Wand              |       |       |       |     7 ||     7
  Use: Potion            |       |     6 |     1 |     4 ||    11
       Scroll            |       |     7 |     6 |     6 ||    19
  Eat: Chunk             |       |     6 |    19 |    12 ||    37
       Pizza             |       |       |       |     1 ||     1
